 Dungeon Crawl Stone Soup version 0.30-a0-862-g1aabd4f9c5 (webtiles) character file.

Game seed: 2879418050949580718

129 cforsyth the Magician (level 4, -2/24 HPs)
             Began as a Deep Elf Earth Elementalist on Mar 9, 2023.
             Slain by a jackal (3 damage)
             ... on level 4 of the Dungeon.
             The game lasted 00:04:07 (2658 turns).

cforsyth the Magician (Deep Elf Earth Elementalist) Turns: 2658, Time: 00:04:08

Health: -2/24      AC:  3    Str:  5    XL:     4   Next: 88%
Magic:  9/13       EV: 12    Int: 22    God:
Gold:   155        SH:  0    Dex: 15    Spells: 12/13 levels left

rFire   . . .      SeeInvis .    (no weapon)
rCold   . . .      Faith    .    (no shield)
rNeg    . . .      Spirit   .    a - +0 robe
rPois   .          Reflect  .    g - +0 helmet
rElec   .          Rampage  .    (no cloak)
rCorr   .                        (no gloves)
Will    .....                    (no boots)
Stlth   ++                       (no amulet)
HPRegen 0.24/turn                (no ring)
MPRegen 0.13/turn                (no ring)

@: no status effects
A: no striking features
a: no special abilities


You were on level 4 of the Dungeon.
You visited 1 branch of the dungeon, and saw 4 of its levels.

You collected 155 gold pieces.

Inventory:

Missiles
 n - a throwing net
Armour
 a - a +0 robe (worn)
 g - a +0 helmet (worn)
Jewellery
 e - an amulet of regeneration
 h - a ring of protection from fire
 q - a ring of resist corrosion
Scrolls
 d - 2 scrolls of vulnerability {unknown}
 i - 3 scrolls of identify {unknown}
 k - a scroll of noise {unknown}
 l - a scroll of torment {unknown}
 m - a scroll of poison {unknown}
Potions
 b - 2 potions of magic
 c - a potion of lignification {unknown}
 f - 2 potions of curing {unknown}
 j - a potion of berserk rage {unknown}
 o - 2 potions of degeneration {unknown}
 p - a potion of mutation {unknown}


   Skills:
 - Level 2.4 Dodging
 - Level 2.4 Stealth
 + Level 5.3 Spellcasting
 - Level 1.1 Transmutations
 + Level 5.0 Earth Magic


You had 12 spell levels left.
You knew the following spells:

 Your Spells              Type           Power      Damage    Failure   Level
a - Sandblast             Erth           54%        2d13      1%          1

Your spell library contained the following spells:

 Spells                   Type           Power      Damage    Failure   Level
 Passwall                 Tmut/Erth      15%        N/A       4%          2
 Stone Arrow              Conj/Erth      32%        3d9       11%         3
 Petrify                  Tmut/Erth      19%        N/A       28%         4
 Gell's Gravitas          Tloc           5%         N/A       30%         3
 Teleport Other           Tloc           5%         N/A       30%         3
 Dispersal                Tloc           2%         N/A       100%        6


Dungeon Overview and Level Annotations

Branches:
Dungeon (4/15)
 Temple: D:4-7

Altars:

Shops:
D:1 *   D:2 :**   D:3 [


Message History

Your Earth Magic skill increases to level 5!
The blast of sand hits the orc wizard!
The orc wizard is severely wounded.
The orc wizard mumbles some strange words.
The orc wizard flickers and vanishes!
Deactivating autopickup; reactivate with Ctrl-A.
You can't see any susceptible monsters within range! (Use Z to cast anyway.)
You can't see any susceptible monsters within range! (Use Z to cast anyway.)
You can't see any susceptible monsters within range! (Use Z to cast anyway.)
Casting: Sandblast (safe; 1% risk of failure)
Confirm with . or Enter, or press ? or * to list all spells.
You don't know that spell.
Sorry, you're not good enough to have a special ability.
A jackal comes into view.
A jackal comes into view. x2
You hear some strange, mumbled words.
A puff of flame appears from out of thin air!
The puff of flame hits you.
The jackal moves out of view.
Casting: Sandblast (safe; 1% risk of failure)
Confirm with . or Enter, or press ? or * to list all spells.
Aiming: Sandblast (safe; 1% risk of failure)
Press: ? - help, Shift-Dir - straight line, f - jackal
Aim: a jackal (79% to hit)
The blast of sand hits something but does no damage.
You hear some strange, mumbled words.
A puff of flame appears from out of thin air!
The puff of flame hits you!
You hear some strange, mumbled words.
A puff of flame appears from out of thin air!
The puff of flame hits you!
* * * LOW HITPOINT WARNING * * *
Casting: Sandblast (safe; 1% risk of failure)
Confirm with . or Enter, or press ? or * to list all spells.
Aiming: Sandblast (safe; 1% risk of failure)
Press: ? - help, Shift-Dir - straight line, f/p - jackal
Aim: a jackal (79% to hit)
The blast of sand hits something!
Reactivating autopickup.
You feel a bit more experienced. The jackal bites you.
You die...

#..#
#..#
#..#
##<.#
#...#
#.#.#
##.#.#
#..#.#
#@##.#
#h# .#
#)# .#
..#
h## ..
.. ..#


You could see 2 jackals.

Vanquished Creatures
  An orc wizard (D:4)
  4 gnolls (D:2)
  3 adders
  A dart slug (D:1)
  10 orcs
  An endoplasm (D:1)
  A giant cockroach (D:3)
  2 goblins
  2 hobgoblins
  7 jackals
  4 kobolds
  2 quokkas (D:1)
  3 ball pythons
  7 bats
  A frilled lizard (D:3)
  5 rats
54 creatures vanquished.

Vanquished Creatures (others)
  A fungus (D:1)
1 creature vanquished.

Grand Total: 55 creatures vanquished

Notes
Turn   | Place    | Note
-------+----------+-------------------------------------------
     0 | D:1      | cforsyth the Deep Elf Earth Elementalist began the quest
                  | for the Orb.
     0 | D:1      | Reached XP level 1. HP: 10/10 MP: 6/6
   149 | D:1      | Reached XP level 2. HP: 15/15 MP: 4/8
   343 | D:1      | Found Piodicio's General Store.
   706 | D:1      | Found a faded altar of an unknown god.
   912 | D:2      | Reached XP level 3. HP: 19/19 MP: 7/10
   946 | D:2      | Found Qihen's General Store.
   996 | D:2      | Found Muxaekka's General Store.
  1403 | D:2      | Reached XP level 4. HP: 11/24 MP: 0/12
  1743 | D:2      | Found Radder's Book Shoppe.
  2020 | D:3      | Reached skill level 5 in Spellcasting
  2346 | D:3      | Found Pipsij's Armour Emporium.
  2654 | D:4      | Reached skill level 5 in Earth Magic
  2657 | D:4      | HP: 1/24 [something/puff of flame (7)]
  2658 | D:4      | Slain by a jackal

Illustrated notes

Levels and vault maps discovered:
D:1:      heliophobic_arrival_henge, layout_basic, serial_shops,
          nicolae_shop_temple_entry_statues_fountains,
          dreamdust_ecumenical_altar_hidden_monk_grotto
D:2:      layout_basic, serial_shops, shop, nicolae_lakefront_shop, shop
D:3:      layout_basic, serial_shops, nicolae_shop_trees
D:4:      layout_rooms, hangedman_decor_growths, moated_statue

Skill      XL: |  1  2  3  4 |
---------------+-------------+-----
Spellcasting   | 4 5 |  5.3
Earth Magic    | 4 5 |  5.0
Dodging        | |  2.4
Stealth        | |  2.4
Transmutations | |  1.1

Action                     |  1- 3 |  4- 6 || total
---------------------------+-------+-------++-------
  Melee: Unarmed           |     4 |       ||     4
         Punch             |     1 |       ||     1
   Cast: Sandblast         |    37 |    40 ||    77
 Armour: Robe              |     2 |     9 ||    11
  Dodge: Dodged            |     7 |    11 ||    18

Table legend: (Time is in decaauts)
 A = Elapsed time spent in this place.
 B = Non-inter-level travel time spent in this place.
 C = Inter-level travel time spent in this place.
 D = Time resting spent in this place.
 E = Time spent auto-exploring this place.
 F = Levels seen in this place.
 G = Mean time per level.
                   A        B        C        D        E       F      G
               +--------+--------+--------+--------+--------+-----+--------+
         Total |   2695 |   2635 |     60 |    193 |   2145 |   4 |  673.8 |
       Dungeon |   2695 |   2635 |     60 |    193 |   2145 |   4 |  673.8 |
               +--------+--------+--------+--------+--------+-----+--------+

Top non-repeatable levels by time:
     D:2: 1054 daAuts
     D:1: 846 daAuts
     D:3: 782 daAuts
     D:4: 11 daAuts
